 Dungeon Crawl Stone Soup version 0.26-a0-663-g36e8fdb655 (webtiles) character file.

Game seed: 12750291300720528455

123 DogServant the Bolt Thrower (level 4, -1/37 HPs)
             Began as a Minotaur Hunter on Oct 10, 2020.
             Slain by a river rat (7 damage)
             ... on level 3 of the Dungeon.
             The game lasted 00:04:03 (2548 turns).

DogServant the Bolt Thrower (Minotaur Hunter)       Turns: 2548, Time: 00:04:03

Health: -1/37      AC:  4    Str: 17    XL:     4   Next: 79%
Magic:  3/3        EV: 12    Int:  8    God:
Gold:   199        SH:  0    Dex: 11    Spells: 3/3 levels left

rFire    + . .     SeeInvis .   x - +4 spear
rCold    x . .     Faith    .   (no shield)
rNeg     . . .     Spirit   .   f - -1 ring mail (curse)
rPois    +         Reflect  .   (helmet restricted)
rElec    .         Harm     .   (no cloak)
rCorr    .         Rampage  .   (no gloves)
MR       .....                  (no boots)
Stlth    +.........             (no amulet)
HPRegen  0.12/turn              e - ring of poison resistance
MPRegen  0.08/turn              q - ring of fire

@: lethally poisoned (-1 -> -2), very slow
A: retaliatory headbutt, horns 2
a: no special abilities


You were on level 3 of the Dungeon.
You visited 1 branch of the dungeon, and saw 3 of its levels.

You collected 199 gold pieces.

Inventory:

Hand Weapons
 a - a +1 hand crossbow
 b - a +0 short sword
 n - a +1 vorpal mace
 x - a +4 spear (weapon)
Missiles
 d - 18 bolts
Armour
 c - a +0 leather armour
 f - a cursed -1 ring mail (worn)
 j - a +0 ring mail
 m - a +0 scale mail
Jewellery
 e - a ring of poison resistance (left hand)
 i - an uncursed ring of see invisible
 q - a ring of fire (right hand)
 r - a cursed -4 ring of protection {unknown}
Scrolls
 h - 5 scrolls of identify
 k - a scroll of teleportation
 p - a scroll of remove curse {unknown}
 t - a scroll of magic mapping {unknown}
 u - a scroll of amnesia {unknown}
 w - a scroll of immolation {unknown}
Potions
 g - 2 potions of curing
 l - a potion of flight {unknown}
 o - a potion of berserk rage {unknown}
 s - a potion of lignification {unknown}
 v - a potion of heal wounds {unknown}


   Skills:
 - Level 2.4 Fighting
 + Level 5.6 Crossbows
 + Level 2.4 Armour
 + Level 3.4 Dodging
 - Level 0.7 Stealth


You had 3 spell levels left.
You didn't know any spells.
Your spell library was empty.

Dungeon Overview and Level Annotations

Branches:
Dungeon (3/15)

Altars:
Ashenzari
Trog


Innate Abilities, Weirdness & Mutations

You reflexively headbutt those who attack you in melee.
You have a pair of horns on your head.


Message History

The adder bites you. x2
You are poisoned.
The adder poisons you!
Your unstable footing causes you to fumble your attack.
You feel sick. The adder barely misses you.
You barely miss the adder.
The adder is heavily wounded.
The adder barely misses you.
You closely miss the adder. You headbutt the adder.
You kill the adder!
You feel sick.
You see here an adder corpse.
You feel sick.
A river rat comes into view.
You feel sick. The river rat bites you.
* * * LOW HITPOINT WARNING * * *
You hit the river rat.
The river rat is heavily wounded.
The river rat bites you!
You die...

#............#
#......).....#
#..≈.≈≈≈≈≈...#
#.≈≈#≈#≈####.#
#.≈≈≈≈≈≈≈≈≈#.#
#####
#.########†#.#
....# #≈≈≈≈≈≈#.#
#### .....
#≈#≈####.#######...
.....
#@r≈≈#.........#
...g.
#≈##≈#........#
..... #≈≈
#........# .....
##≈# #........#
..... ≈#
#....<...## .....
≈# #.........#
..... ##
####..###...# .....
##.# ..# #.... #..
..


You could see a river rat.

Vanquished Creatures
  A gnoll (D:3)
  6 adders
  An ooze (D:1)
  5 worms
  2 dart slugs
  A hobgoblin (D:1)
  5 kobolds
  A quokka (D:2)
  5 bats
  4 frilled lizards
  8 goblins
  4 rats
43 creatures vanquished.

Notes
Turn   | Place    | Note
-------+----------+-------------------------------------------
     0 | D:1      | DogServant the Minotaur Hunter began the quest for the Orb.
     0 | D:1      | Reached XP level 1. HP: 18/18 MP: 0/0
   340 | D:1      | Reached XP level 2. HP: 25/25 MP: 1/1
   517 | D:1      | Reached skill level 5 in Crossbows
  1005 | D:2      | Found a broken altar of Ashenzari.
  1016 | D:2      | Reached XP level 3. HP: 28/30 MP: 2/2
  1030 | D:2      | Reached skill level 1 in Armour
  1522 | D:2      | Reached XP level 4. HP: 31/37 MP: 3/3
  2030 | D:2      | Found a bloodstained altar of Trog.
  2548 | D:3      | Slain by a river rat

Illustrated notes

Levels and vault maps discovered:
D:1:      scummos_arrival_star, layout_basic, minmay_pentomino_z4
D:2:      layout_basic, marbit_many_paths, minivault_5, evilmike_ruin_ashenzari
D:3:      layout_rooms, lightli_sewer_entry_pipes,
          chequers_ecumenical_altar_simple_redux

Skill      XL: |  1  2  3  4 |
---------------+-------------+-----
Crossbows      | 5 |  5.6
Armour         | 1 2 |  2.4
Dodging        | 3 |  3.4
Fighting       | |  2.4
Stealth        | |  0.7

Action                   |  1- 3 |  4- 6 || total
-------------------------+-------+-------++-------
Melee: Short sword       |    77 |    10 ||    87
       Headbutt          |     7 |    12 ||    19
       Spear             |       |    31 ||    31
       Mace              |       |     4 ||     4
 Fire: Hand crossbow     |    16 |     4 ||    20
  Use: Scroll            |     3 |       ||     3
Armor: Ring mail         |    30 |    10 ||    40
Dodge: Dodged            |    54 |    37 ||    91

Table legend: (Time is in decaauts)
 A = Elapsed time spent in this place.
 B = Non-inter-level travel time spent in this place.
 C = Inter-level travel time spent in this place.
 D = Time resting spent in this place.
 E = Time spent auto-exploring this place.
 F = Levels seen in this place.
 G = Mean time per level.
                   A        B        C        D        E       F      G
               +--------+--------+--------+--------+--------+-----+--------+
         Total |   2570 |   2464 |    106 |    273 |   1811 |   3 |  856.7 |
       Dungeon |   2570 |   2464 |    106 |    273 |   1811 |   3 |  856.7 |
               +--------+--------+--------+--------+--------+-----+--------+

Top non-repeatable levels by time:
     D:2: 1569 daAuts
     D:1: 926 daAuts
     D:3: 74 daAuts
